 Dungeon Crawl Stone Soup version 0.30-a0-373-gd37427bb62 (webtiles) character file.

Game seed: 3764003475381159612

585 sanka the Slasher (level 7, 0/50 HPs)
             Began as a Djinni Berserker on Nov 24, 2022.
             Was a Believer of Trog.
             Slain by a black bear (7 damage)
             ... on level 4 of the Dungeon.
             The game lasted 00:05:31 (3586 turns).

sanka the Slasher (Djinni Berserker)                Turns: 3586, Time: 00:05:31

Health: 0/50       AC:  9    Str: 16    XL:     7   Next: 64%
Gold:   153        EV: 11    Int:  9    God:    Trog [**....] SH:  0 Dex: 14

rFire   + + .      SeeInvis .    a - +0 falchion
rCold   . . .      Faith    .    (no shield)
rNeg    . . .      Spirit   .    t - +3 ring mail {rC+}
rPois   ∞          Reflect  .    (no helmet)
rElec   .          Harm     .    e - +0 cloak
rCorr   .          Rampage  .    (no gloves)
Will    .....                    (boots unavailable)
Stlth   +.........               (no amulet)
HPRegen 0.28/turn                (no ring)
MPRegen 0.00/turn                (no ring)

@: flying
A: sickness immunity, fire resistance 2, cold vulnerability 1, float, innate
caster, HP casting, extra vitality 1
a: Renounce Religion, Berserk, Trog's Hand


You were on level 4 of the Dungeon.
You worshipped Trog.
Trog was pleased with you.
You visited 1 branch of the dungeon, and saw 4 of its levels.

You collected 153 gold pieces.


Innate Abilities, Weirdness & Mutations

You are immune to sickness and miasma.
You are immune to poison.
Your flesh is very heat resistant. (rF++)
You are vulnerable to cold. (rC-)
You float through the air rather than walking.
You learn spells naturally, not from books.
Your magical power is your life essence.
You have superior vitality. (+4 MHP)


   Skills:
 - Level 3.0 Fighting
 + Level 7.6 Long Blades
 - Level 2.0 Armour
 - Level 2.1 Dodging


You couldn't memorise any spells.
You knew the following spells:

 Your Spells              Type           Power      Damage    Failure   Level
i - Lesser Beckoning      Tloc           0%         N/A       92%         3
u - Scorch                Fire           0%         2d5       75%         2
y - Necrotise             Necr           0%         1d4       58%         1
Your spell library was empty.

Inventory:

Hand Weapons
 a - a +0 falchion (weapon)
Armour
 b - a +0 animal skin
 e - a +0 cloak (worn)
 t - a +3 ring mail of cold resistance (worn)
Wands
 u - a wand of quicksilver (2)
Scrolls
 f - a scroll of enchant weapon {unknown}
 h - 3 scrolls of identify {unknown}
 j - a scroll of summoning {unknown}
 l - a scroll of silence {unknown}
 n - a scroll of poison {unknown}
 o - a scroll of magic mapping {unknown}
 p - a scroll of teleportation {unknown}
 v - a scroll of torment {unknown}
Potions
 c - a potion of cancellation {unknown}
 d - 2 potions of heal wounds {unknown}
 g - 2 potions of curing {unknown}
 i - a potion of degeneration {unknown}
 k - a potion of ambrosia {unknown}
 m - 2 potions of might {unknown}
 q - a potion of mutation {unknown}
 r - a potion of attraction {unknown}
 s - a potion of brilliance {unknown}

Dungeon Overview and Level Annotations

Branches:
Dungeon (4/15)
 Temple: D:4-7

Altars:
Cheibriados
Xom

.▒ .. ▒▒
▒▒▒▒▒▒.▒▒...........▒
▒.....▒▒▒...........▒
▒.▒▒..▒ ▒▒▒▒.....▒▒▒▒
▒..▒▒ ▒.....▒
▒.▒.▒▒▒▒▒.....▒
▒.▒▒........▒▒▒
▒.▒▒▒▒▒▒▒▒▒▒▒ ▒.▒ ▒R▒
▒h▒ ▒.▒ ▒.▒ ..▒ ▒▒▒


You could see a black bear (berserk).


Message History

The black bear claws you but does no damage.
The black bear claws you but does no damage.
You hit the black bear but do no damage.
The black bear is severely wounded.
The black bear bites you but does no damage.
The black bear misses you.
The black bear claws you but does no damage.
Unknown command.
You barely miss the black bear.
The black bear is severely wounded.
The black bear bites you but does no damage.
The black bear claws you.
* * * LOW HITPOINT WARNING * * *
The black bear misses you. The black bear bites you!
* * * LOW HITPOINT WARNING * * *
The black bear claws you but does no damage.
The black bear claws you.
* * * LOW HITPOINT WARNING * * *
You closely miss the black bear.
The black bear is severely wounded.
The black bear bites you!
* * * LOW HITPOINT WARNING * * *
The black bear claws you but does no damage.
The black bear misses you.
Unknown command.
You slash the black bear!
The black bear is almost dead.
The black bear bites you!
You die...

Action                   |  1- 3 |  4- 6 |  7- 9 || total
-------------------------+-------+-------+-------++-------
Melee: Falchion          |   100 |   208 |   111 ||   419
       Punch             |     1 |     2 |       ||     3
Invok: Berserk           |       |     3 |       ||     3
 Stab: Sleeping          |     1 |     1 |       ||     2
Armor: Animal skin       |    44 |    52 |     2 ||    98
       Ring mail         |       |       |    43 ||    43
Dodge: Dodged            |    81 |   139 |    64 ||   284

Levels and vault maps discovered:
D:1:      lordsloth_arrival_two_stooges, layout_loops_ring
D:2:      layout_basic, shapermc_ecumenical_altar_hornbeckon
D:3:      layout_loops_ring, led_xom_imps
D:4:      layout_loops_ring, tso_oasis_becter, slow_altar_1,
          minmay_temple_entry_poolview, serial_undead, serial_undead_c,
          serial_undead_b, serial_undead_c, serial_undead_c,
          hangedman_decor_opposing

Notes
Turn   | Place    | Note
-------+----------+-------------------------------------------
     0 | D:1      | sanka the Djinni Berserker began the quest for the Orb.
     0 | D:1      | Reached XP level 1. HP: 20/20 MP: 0/0
    62 | D:1      | Reached skill level 3 in Long Blades
    99 | D:1      | Reached XP level 2. HP: 25/25 MP: 0/0
   378 | D:1      | Reached XP level 3. HP: 21/30 MP: 0/0
   378 | D:1      | Learned a level 1 spell: Necrotise
   872 | D:2      | Reached skill level 4 in Long Blades
   963 | D:2      | Reached XP level 4. HP: 33/35 MP: 0/0
  1008 | D:2      | Reached ** piety under Trog
  1309 | D:2      | Identified the +4 falchion "Naisai" {pain, rF+++ rN++ MP+9
                  | Int-2}
  1379 | D:2      | Found a faded altar of an unknown god.
  1883 | D:3      | Reached XP level 5. HP: 38/40 MP: 0/0
  1883 | D:3      | Learned a level 2 spell: Scorch
  2008 | D:3      | Reached skill level 5 in Long Blades
  2323 | D:3      | Found a shimmering altar of Xom.
  2363 | D:3      | Reached XP level 6. HP: 46/46 MP: 0/0
  2374 | D:3      | Reached skill level 6 in Long Blades
  3010 | D:4      | Reached XP level 7. HP: 25/50 MP: 0/0
  3010 | D:4      | Learned a level 3 spell: Lesser Beckoning
  3233 | D:4      | Identified the +1 mace of Okawaru's Approval {drain, Dex+5}
  3308 | D:4      | Reached skill level 7 in Long Blades
  3509 | D:4      | Found a snail-covered altar of Cheibriados.
  3586 | D:4      | Slain by a black bear

Vanquished Creatures
  A necrophage (D:4)
  2 scorpions (D:4)
  4 crimson imps (D:3)
  An iron imp (D:4)
  An iguana (D:3)
  A hound zombie (D:4)
  A howler monkey zombie (D:4)
  4 gnolls (D:3)
  5 adders
  An adder zombie (D:4)
  An adder skeleton (D:4)
  A dart slug (D:2)
  7 orcs (D:4)
  9 endoplasms
  4 giant cockroaches
  8 goblins
  5 hobgoblins
  6 jackals (D:3)
  6 kobolds
  6 quokkas
  4 ball pythons
  5 bats
  4 frilled lizards
  A quokka zombie (D:4)
  3 rats
91 creatures vanquished.

Vanquished Creatures (others)
  2 withered plants (D:4)
2 creatures vanquished.

Grand Total: 93 creatures vanquished
